 Dungeon Crawl Stone Soup version 0.23.2-40-g277498a001 (webtiles) character file.

Game seed: 1233581074707788214

14 Descartes the Skirmisher (level 2, -5/24 HPs)
             Began as a Formicid Abyssal Knight on Sept 22, 2019.
             Was a Follower of Lugonu.
             Slain by a gnoll
             ... wielding a +0 halberd
              (8 damage)
             ... on level 1 of the Dungeon.
             The game lasted 00:02:29 (1302 turns).

Descartes the Skirmisher (Formicid Abyssal Knight)  Turns: 1302, Time: 00:02:30

Health: -5/24      AC:  7    Str: 16    XL:     2   Next: 60%
Magic:  3/3        EV:  9    Int: 11    God:    Lugonu [*.....]
Gold:   106        SH:  0    Dex: 10    Spells: 1/1 levels left

rFire    . . .     SeeInvis +   h - -3 war axe (curse)
rCold    . . .     Gourm    .   (no shield)
rNeg     . . .     Faith    .   d - +0 scale mail
rPois    .         Spirit   .   (helmet unavailable)
rElec    .         Reflect  .   i - +0 cloak
rCorr    .         Harm     .   (no gloves)
MR       .....                  (no boots)
Stlth    ..........             (no amulet)
HPRegen  0.08/turn              (no ring)
MPRegen  0.08/turn              (no ring)

@: no status effects
A: permanent stasis, dig shafts and tunnels, four strong arms, antennae 3
a: Dig, Shaft Self, Depart the Abyss, Renounce Religion


You were on level 1 of the Dungeon.
You worshipped Lugonu.
Lugonu was aware of your devotion.
You were not hungry.

You visited 1 branch of the dungeon, and saw 1 of its levels.
You visited the Abyss 1 time.

You collected 106 gold pieces.

Inventory:

Hand Weapons
 a - a +1 falchion
 g - a +0 battleaxe
 h - a cursed -3 war axe (weapon)
 j - a +2 vampiric dagger
 k - a +1 dagger of flaming
Missiles
 m - 79 arrows
 o - 20 bolts
Armour
 b - a +1 leather armour
 d - a +0 scale mail (worn)
 i - a +0 cloak (worn)
Jewellery
 l - a cursed ring of teleportation {unknown}
Wands
 e - a wand of disintegration (13)
Scrolls
 q - a scroll of teleportation {unknown}
Potions
 f - 2 potions of curing {unknown}
 n - a potion of heal wounds {unknown}
 p - a potion of invisibility {unknown}
Comestibles
 c - 3 rations
 r - 2 chunks of flesh


   Skills:
 + Level 3.4 Fighting
 - Level 2.0 Long Blades
 + Level 0.4 Axes
 + Level 2.4 Armour
 + Level 1.1 Dodging
 + Level 0.5 Stealth
 + Level 2.4 Invocations
 + Level 0.3 Evocations


You had one spell level left.
You didn't know any spells.
Your spell library was empty.

Dungeon Overview and Level Annotations

Branches:
Dungeon (1/15)

Altars:


Innate Abilities, Weirdness & Mutations

You cannot be hasted, slowed, berserked, paralysed or teleported.
You can dig through walls and to a lower floor.
Your four strong arms can wield two-handed weapons with a shield.
You have a pair of large antennae on your head. (SInv)


Message History

You slash the goblin!
You kill the goblin!
Lugonu accepts your kill.
The gnoll hits you from afar with a +0 halberd.
The rat bites you but does no damage.
You closely miss the rat. The gnoll hits you but does no damage.
The rat closely misses you.
You slash the rat!
You kill the rat!
Lugonu accepts your kill. The gnoll hits you but does no damage.
The gnoll hits you from afar with a +0 halberd!
The gnoll hits you with a +0 halberd.
You barely miss the gnoll. The gnoll closely misses you.
You barely miss the gnoll. The gnoll hits you with a +0 halberd!
* * * LOW HITPOINT WARNING * * *
The gnoll hits you with a +0 halberd.
* * * LOW HITPOINT WARNING * * *
You hit the gnoll but do no damage. The gnoll hits you with a +0 halberd!
You die...

## #. ###. ...
#.########### ######
#....g@.....######.....
#.†########.##.........
#..# #.##....).... #..#
######.##.........
#................#+####
.>.......##.#....#.#...
##................+.....
.#........###....#.#..#
.. #.#.##.#...#
#.#........


You could see a gnoll.

Vanquished Creatures
  A dart slug (D:1)
  A bat (D:1)
  4 goblins (D:1)
  A hobgoblin (D:1)
  A frilled lizard (D:1)
  2 kobolds (D:1)
  3 rats (D:1)
13 creatures vanquished.

Notes
Turn   | Place    | Note
-------+----------+-------------------------------------------
     0 | Abyss:1  | Descartes the Formicid Abyssal Knight began the quest for
                  | the Orb.
     0 | Abyss:1  | Reached XP level 1. HP: 18/18 MP: 2/2
    14 | Abyss:1  | Found a corrupted altar of Lugonu.
   120 | D:1      | Escaped the Abyss
   538 | D:1      | Reached skill level 1 in Dodging
   623 | D:1      | Reached XP level 2. HP: 6/24 MP: 3/3
   879 | D:1      | Reached * piety under Lugonu
  1302 | D:1      | Slain by a gnoll

Skill      XL: |  1 |
---------------+----+-----
Dodging        | 1 |  1.1
Fighting       | |  3.4
Long Blades    | |  2.0
Axes           | |  0.4
Armour         | |  2.4
Stealth        | |  0.5
Invocations    | |  2.4
Evocations     | |  0.3

Action                   || total
-------------------------++-------
Melee: War axe           ||    51
Invok: Depart the Abyss  ||     1
  Use: Scroll            ||     2
  Eat: Chunk             ||     1
Armor: Scale mail        ||    24
       Leather armour    ||     1
Dodge: Dodged            ||    24
